 Dungeon Crawl Stone Soup version 0.31-a0-1036-g31867e143a (webtiles) character file.

Game seed: 12613263881462504295

56 Jannitor the Sneak (level 3, -1/26 HPs)
             Began as an Octopode Delver on Nov 19, 2023.
             Slain by an ogre
             ... wielding a +0 giant spiked club
              (16 damage)
             ... on level 4 of the Dungeon.
             The game lasted 00:01:35 (431 turns).

Jannitor the Sneak (Octopode Delver)                 Turns: 431, Time: 00:01:36

Health: -1/26      AC:  1    Str: 11    XL:     3   Next: 97%
Magic:  3/3        EV: 13    Int: 12    God:
Gold:   21         SH:  0    Dex: 15    Spells: 2/2 levels left

rFire   . . .        e - +1 spear (venom)
rCold   . . .        (no shield)
rNeg    . . .        (helmet restricted)
rPois   .            (no amulet)
rElec   .            (no ring)
rCorr   .            (no ring)
SInv    .            (no ring)
Will    .....        (no ring)
Stlth   +++++        (no ring)
HPRegen 0.24/turn    (no ring)
MPRegen 0.08/turn    (no ring)
                     (no ring)

%: no passive effects
@: no status effects
A: almost no armour, amphibious, 8 rings, camouflage 1, gelatinous body 1,
(nimble swimmer 1), tentacles
a: no special abilities


You were on level 4 of the Dungeon.
You visited 1 branch of the dungeon, and saw 2 of its levels.

You collected 21 gold pieces.

Inventory:

Hand Weapons
 a - a +0 spear
 e - a +1 spear of venom (weapon)
Wands
 f - a wand of digging (3)
Scrolls
 b - a scroll of fog


   Skills:
 + Level 3.4 Fighting
 + Level 2.6 Polearms
 + Level 2.6 Dodging
 + Level 7.1 Stealth


You had 2 spell levels left.
You didn't know any spells.
Your spell library was empty.

Dungeon Overview and Level Annotations

Branches:
Dungeon (5/15)
 Temple: D:4-7

Altars:
Zin

Shops:
D:5 *


Innate Abilities, Weirdness & Mutations

You cannot wear most types of armour.
You are amphibious.
You can wear up to eight rings at the same time.
Your skin changes colour to match your surroundings (Stealth+).
Your rubbery body absorbs attacks. (AC +1, EV +1)
((You are camouflaged when in or above water. (Stealth+)))
You have tentacles for arms and can constrict up to eight enemies at once.


Message History

There is a stone staircase leading up here.
You climb upwards.
Found 9 gold pieces and a glowing spear.
There is a stone staircase leading down here.
Unknown command.
Found 2 scrolls labelled UNAEMA IKITYWAMO.
An ogre comes into view. It is wielding a +0 giant spiked club.
A ball python comes into view.
A hobgoblin comes into view.
Found 11 gold pieces.
The ball python hisses angrily.
You see here a +1 spear of venom.
e - a +1 spear of venom
Found a scroll of revelation.
An orc wizard comes into view. It is wielding a +0 dagger.
The hobgoblin shouts!
Found 6 stones.
The ogre shouts!
The ball python attacks as it pursues you!
The ball python misses you. The ball python grabs you.
The ball python constricts you.
You escape the ball python's grasp.
Your +1 spear of venom begins to drip with poison!
e - a +1 spear of venom (weapon)
The ball python bites you but does no damage.
The ball python grabs you. The ball python constricts you.
You hit the ball python.
You kill the ball python!
You hit the hobgoblin.
You kill the hobgoblin!
As you read the scroll labelled OCWOTE FAYGU, it crumbles to dust.
Your body is wracked with pain!
The ogre convulses!
It was a scroll of torment.
As you read the scroll labelled FOMMORGHIZAO, it crumbles to dust.
It is a scroll of identify.
You don't currently have any unidentified items.
You hit the ogre.
The ogre is poisoned.
The ogre is severely wounded.
The ogre hits you with a +0 giant spiked club!
Ouch! That really hurt!
You die...

.......†#.P.#
.........#
.#..#...##
####...###
###...#
###...##
##......##
##....O...#
#.....@..##
###..#.###
###... #...#
##.## ###


You could see an ogre (very poisoned).

Vanquished Creatures
  An iguana (D:5)
  An adder (D:5)
  2 ufetubi (D:5)
  4 orcs (D:5)
  A hobgoblin (D:4)
  A ball python (D:4)
10 creatures vanquished.

Notes
Turn   | Place    | Note
-------+----------+-------------------------------------------
     0 | D:5      | Jannitor the Octopode Delver began the quest for the Orb.
     0 | D:5      | Reached XP level 1. HP: 16/16 MP: 1/1
    23 | D:5      | Noticed an iguana
    31 | D:5      | Killed an iguana
    32 | D:5      | Reached XP level 2. HP: 15/21 MP: 2/2
    32 | D:5      | Reached XP level 3. HP: 18/26 MP: 3/3
   144 | D:5      | Reached skill level 7 in Stealth
   200 | D:5      | Found Zin's Purification Station.
   205 | D:5      | Found a glowing silver altar of Zin.
   360 | D:5      | Noticed an ogre
   401 | D:4      | Noticed an ogre
   431 | D:4      | Slain by an ogre

Illustrated notes

Levels and vault maps discovered:
D:4:      layout_cave_pools, old_standard_altar, nicolae_ru_the_path_less_chosen
D:5:      layout_loops_cross, zin_purify, lemuel_tele_altar,
          chequers_serial_rivers_small_3

Skill      XL: |  1  2  3 |
---------------+----------+-----
Stealth        | 7 |  7.1
Fighting       | |  3.4
Polearms       | |  2.6
Dodging        | |  2.6

Action                     || total
---------------------------++-------
  Melee: Spear             ||    38
         Tentacles         ||     8
         Constrict         ||     5
    Use: Potion            ||     1
         Scroll            ||     4
   Stab: Sleeping          ||     1
 Armour: Skin              ||    18
  Dodge: Dodged            ||    18

Table legend: (Time is in decaauts)
 A = Elapsed time spent in this place.
 B = Non-inter-level travel time spent in this place.
 C = Inter-level travel time spent in this place.
 D = Time resting spent in this place.
 E = Time spent auto-exploring this place.
 F = Levels seen in this place.
 G = Mean time per level.
                   A        B        C        D        E       F      G
               +--------+--------+--------+--------+--------+-----+--------+
         Total |    411 |    411 |      0 |      0 |    179 |   2 |  205.5 |
       Dungeon |    411 |    411 |      0 |      0 |    179 |   2 |  205.5 |
               +--------+--------+--------+--------+--------+-----+--------+

Top non-repeatable levels by time:
     D:5: 380 daAuts
     D:4: 31 daAuts
